AoeStats
← Ambro

Arena

508925104Analyzed
3v3 RM · 9d ago on Sep 24, 2026· 26m 34s· 6 players
Game mode
Random Map
Map size
Normal (6 player)
Population
200
Speed
Normal
Resources
Standard
Victory
Conquest
Starting age
Dark Age
Ending age
Imperial Age
RankedLock teamsTeams togetherTeam positionsShared explorationLock speedFull tech treeHidden civsTurbo modeCheats
Victory
Defeat
🇪🇸 Danes · Spain
879
+9
🇪🇸 Bohemians · Spain
858
+10
🇪🇸 Britons · Spain
632
+18
🇷🇺 Ethiopians · Russia
741
-17
🇮🇹 Goths · Italy
724
-13
🇺🇸 Britons · United States
659
-10
psycho93
0:29 Loom
12:47 Feudal Age
13:40 Horse Collar
13:48 Double-Bit Axe
14:51 Wheelbarrow
20:52 Castle Age
19:50 Gold Mining
19:51 Stone Mining
20:21 Forging
20:11 Scale Mail Armor
22:44 Man-at-Arms
24:25 Heavy Plow
25:18 Fletching
26:05 Iron Casting
25:46 Chain Mail Armor
Ambro
0:30 Loom
14:06 Feudal Age
17:01 Double-Bit Axe
16:59 Horse Collar
21:31 Castle Age
21:08 Wheelbarrow
21:46 Fletching
21:57 Padded Archer Armor
21:57 Stone Mining
RESPECT
11:45 Feudal Age
12:44 Double-Bit Axe
12:43 Horse Collar
17:44 Fletching
17:54 Padded Archer Armor
20:26 Castle Age
19:20 Fletching
19:31 Padded Archer Armor
19:46 Gold Mining
21:19 Heavy Plow
21:33 Bow Saw
22:33 Bodkin Arrow
22:53 Leather Archer Armor
reskius
12:01 Feudal Age
13:29 Double-Bit Axe
13:27 Horse Collar
17:16 Castle Age
15:31 Horse Collar
18:12 Bow Saw
18:44 Heavy Plow
27:43 Wheelbarrow
sebamontoro
0:28 Loom
11:05 Feudal Age
11:51 Town Watch
11:58 Double-Bit Axe
19:15 Castle Age
17:25 Horse Collar
ramon_beas21
0:31 Loom
11:54 Feudal Age
14:27 Horse Collar
15:12 Man-at-Arms
21:14 Castle Age
20:12 Arson
21:44 Padded Archer Armor
21:36 Fletching
21:48 Scale Mail Armor
21:54 Pikeman
22:26 Crossbowman
27:12 Leather Archer Armor
Connection lost

Rejoining the realm…

Still unreachable

The connection could not be restored.

Session expired

The server has moved on; the page needs a fresh start.